 Dungeon Sprint DCSS version bcrawl-1.17.3 (webtiles) character file.

Game seed: 4312911926136665970

94 Burgietje the Skirmisher (level 4, -1/34 HPs)
             Began as a Gargoyle Monk on Oct 20, 2019.
             Was a Priest of Jiyva.
             Slain by a spriggan
             ... wielding a +0 rapier
              (5 damage)
             ... in the Dungeon (Sprint V: "Ziggurat Sprint").
             The game lasted 00:03:24 (124 turns).

Burgietje the Skirmisher (Gargoyle Monk)             Turns: 124, Time: 00:03:25

Health: -1/34      AC: 21    Str: 28    XL:     4   Next: 63%
Magic:  0/5        EV:  0    Int: 10    God:    Jiyva [***...]
Gold:   0          SH: 16    Dex: 12    Spells: 3/3 levels left

rFire    + . .     SeeInvis .   n - +5 broad axe
rCold    + . .     Gourm    .   m - +3 large shield
rNeg     + . .     Faith    .   l - +5 gold dragon scales
rPois    ∞         Spirit   +   (no helmet)
rElec    +         Reflect  .   (no cloak)
rCorr    +         Harm     .   (no gloves)
MR       .....     NoTele   +   (no boots)
Stlth    ..........             d - amulet of guardian spirit
HPRegen  0.11/turn              H - +6 ring of strength
MPRegen  0.09/turn              I - +6 ring of strength

@: no status effects
A: big wings, negative energy resistance 1, electricity resistance, unbreathing,
evolution 1, petrification resistance, rot immunity, AC +3
a: Fly, Request Jelly, Evolve, Renounce Religion


You were in the Dungeon.
You worshipped Jiyva.
Jiyva was most pleased with you.
You were not hungry.

You visited 1 branch

Inventory:

Hand Weapons
 n - a +5 broad axe (weapon)
 T - the +8 lance "Wyrmbane" {slay drac, rPois rF+ rC+ AC+3}
   (You found it in the Dungeon)

   It affects your AC (+3).
   It protects you from fire.
   It protects you from cold.
   It protects you from poison.
Armour
 l - +5 gold dragon scales (worn)
 m - a +3 large shield (worn)
Jewellery
 d - an amulet of guardian spirit (around neck)
 H - a +6 ring of strength (left hand)
 I - a +6 ring of strength (right hand)
Wands
 y - a wand of disintegration (7)
 B - a wand of iceblast (7)
 C - a wand of acid (7)
Scrolls
 k - 4 scrolls of blinking
 o - 4 scrolls of amnesia
 p - 7 scrolls of fog
 q - a scroll of holy word
 r - 5 scrolls of identify
 s - 5 scrolls of remove curse
 t - 2 scrolls of fear
Potions
 e - 10 potions of curing
 g - 10 potions of heal wounds
 h - 6 potions of haste
 i - 7 potions of magic
 j - 3 potions of berserk rage
 u - 2 potions of brilliance
 v - 2 potions of invisibility
 w - 4 potions of resistance
 x - a potion of experience
 z - 5 potions of agility
 A - 5 potions of might
Miscellaneous
 J - a lightning rod (4/4)
Comestibles
 f - 7 rations {!d}


   Skills:
 + Level 7.5 Fighting
 + Level 6.2 Axes
 - Level 2.4 Dodging
 - Level 2.4 Stealth
 - Level 2.1 Invocations


You had 3 spell levels left.
You didn't know any spells.
Your spell library was empty.

Dungeon Overview and Level Annotations

Branches:
Dungeon (1/1)

Altars:
Ashenzari
Cheibriados
Dithmenos
Elyvilon
Fedhas
Gozag
Hepliaklqana
Kikubaaqudgha
Lugonu
Makhleb
Nemelex Xobeh
Okawaru
Qazlal
Ru
Sif Muna
Trog
Uskayaw
Vehumet
Wu Jian
Xom
Yredelemnul
Zin
The Shining One
Beogh
Jiyva

Annotations:
D 1 transporter


Innate Abilities, Weirdness & Mutations

You are resistant to torment.
Your stone body is resilient. (AC +3)
You are immune to poison.
You resist negative energy. (rN+)
You are resistant to electric shocks. (rElec)
You can survive without breathing.
You are immune to petrification.
You are immune to rotting.
Your large and strong wings let you fly indefinitely.
You evolve.


Message History

The spriggan hits you but does no damage.
You hear a distant slurping noise.
You block the spriggan's attack.
You miss the spriggan.
The spriggan is heavily wounded.
Your gold dragon scales prevents you from hitting the spriggan.
The spriggan hits you but does no damage.
You hear a distant slurping noise.
The spriggan hits you with a +0 rapier.
* * * LOW HITPOINT WARNING * * *
You block the spriggan's attack.
You hear a distant slurping noise.
Your shield and gold dragon scales prevent you from hitting the spriggan.
The spriggan is heavily wounded.
You miss the spriggan.
The spriggan hits you but does no damage.
You block the spriggan's attack.
You hear a distant slurping noise.
The spriggan hits you with a +0 rapier.
You die...

▓▓▓▓▓▓▓▓▓▓▓▓▓
▓.8©8.▓.8©8.▓
▓..|}.▓.....▓
▓.....▓.).).▓
▓.....▓.....▓
▓..ii.▓.....▓
▓..@..▓..©..▓
▓..©..▓▓▓▓▓▓▓
▓▓▓▓▓▓▓


You could see 2 spriggans.

Vanquished Creatures
  A black bear (D)
  A jackal skeleton (D)
  A leopard gecko zombie (D)
3 creatures vanquished.

Vanquished Creatures (others)
  2 sphinxes (shapeshifter) (D)
  A storm dragon (shapeshifter) (D)
  2 azure jellies (shapeshifter) (D)
  3 fire giants (shapeshifter) (D)
  An iron dragon (shapeshifter) (D)
  A ghost moth (shapeshifter) (D)
  A great orb of eyes (shapeshifter) (D)
  2 hydras (shapeshifter) (D)
  An alligator snapping turtle (shapeshifter) (D)
  A catoblepas (shapeshifter) (D)
  A shock serpent (shapeshifter) (D)
  A fire crab (shapeshifter) (D)
  A spatial maelstrom (D)
  A lindwurm (shapeshifter) (D)
  A cyclops (shapeshifter) (D)
  A shining eye (shapeshifter) (D)
  A wolf spider (shapeshifter) (D)
  A water nymph (shapeshifter) (D)
  An elephant (shapeshifter) (D)
  2 cane toads (shapeshifter) (D)
  A yaktaur (shapeshifter) (D)
  A komodo dragon (shapeshifter) (D)
  A tyrant leech (shapeshifter) (D)
  A hornet (shapeshifter) (D)
  3 slime creatures (shapeshifter) (D)
  A dream sheep (shapeshifter) (D)
  2 hippogriffs (shapeshifter) (D)
  A wyvern (shapeshifter) (D)
  A tarantella (shapeshifter) (D)
  A hog (shapeshifter) (D)
  A golden eye (shapeshifter) (D)
  A yak (shapeshifter) (D)
  A fire bat (shapeshifter) (D)
  A swamp worm (shapeshifter) (D)
  A boggart (shapeshifter) (D)
  A tengu (shapeshifter) (D)
  A big kobold (shapeshifter) (D)
  A bullfrog (shapeshifter) (D)
47 creatures vanquished.

Grand Total: 50 creatures vanquished

Notes
Turn   | Place    | Note
-------+----------+-------------------------------------------
     0 | D        | Burgietje the Gargoyle Monk began the quest for the Orb.
     0 | D        | Reached XP level 1. HP: 14/14 MP: 2/2
     5 | D        | Found a blossoming altar of Fedhas.
     6 | D        | Found the +6 Majin-Bo {vamp, *Drain Str+12 Int+24}
     6 | D        | Found the +7 great mace "Firestarter" {inner flame, rF++}
     7 | D        | Found a viscous altar of Jiyva.
     7 | D        | Found a hazy altar of Hepliaklqana.
     7 | D        | Found a transporter.
     7 | D        | Found an opulent altar of Gozag.
     7 | D        | Found an ancient bone altar of Kikubaaqudgha.
     7 | D        | Found a corrupted altar of Lugonu.
    11 | D        | Found a burning altar of Makhleb.
    11 | D        | Banished a spatial maelstrom
    12 | D        | Found a sacrificial altar of Ru.
    12 | D        | Found a stormy altar of Qazlal.
    12 | D        | Found a shimmering blue altar of Sif Muna.
    12 | D        | Found an iron altar of Okawaru.
    12 | D        | Found a bloodstained altar of Trog.
    12 | D        | Found a sparkling altar of Nemelex Xobeh.
    31 | D        | Found the +9 heavy crossbow "Sniper" {velocity, Acc+∞ SInv}
    31 | D        | Found the +10 dark maul {crush}
    31 | D        | Found the +15 Maxwell's patent armour {-Cast -Tele rElec
                  | MR+ rCorr}
    31 | D        | Found the +18 shield of the Gong {rElec rN+ MR+ EV-5}
    31 | D        | Found the cursed +14 obsidian axe {chop, +Fly SInv *Curse}
    33 | D        | Found the +6 shillelagh "Devastator" {shatter}
    33 | D        | Found the +11 plutonium sword {*Contam Stlth-}
    33 | D        | Found the +8 lance "Wyrmbane" {slay drac, rPois rF+ rC+
                  | AC+3}
    33 | D        | Found the +9 sword of Zonguldrok {reap}
    33 | D        | Found the cursed +13 scythe of Curses {drain, *Curse}
    33 | D        | Found the +0 sword of Power
    33 | D        | Found the +7 mace of Variability {chain chaos}
    33 | D        | Found the +7 Singing Sword {slice, sonic wave}
    33 | D        | Found the +7 longbow "Piercer" {penet, EV-2}
    41 | D        | Became a worshipper of Jiyva Jauraleb the Shapeless
    41 | D        | Reached ** piety under Jiyva
    41 | D        | Gained mutation: Your large and strong wings let you fly
                  | indefinitely. [Jiyva's grace]
    42 | D        | Killed a slime creature
    43 | D        | Killed a cyclops
    43 | D        | Killed a shining eye
    43 | D        | Killed a slime creature
    44 | D        | Killed a lindwurm
    45 | D        | Killed a swamp worm
    45 | D        | Killed a wolf spider
    46 | D        | Killed an elephant
    46 | D        | Killed a golden eye
    46 | D        | Killed a cane toad
    46 | D        | Killed a slime creature
    48 | D        | Killed an azure jelly
    48 | D        | Killed a sphinx
    50 | D        | Killed a tarantella
    50 | D        | Killed a fire bat
    51 | D        | Killed a komodo dragon
    51 | D        | Killed a hippogriff
    51 | D        | Killed a great orb of eyes
    53 | D        | Killed an azure jelly
    55 | D        | Killed a dream sheep
    56 | D        | Killed a shock serpent
    56 | D        | Killed a sphinx
    57 | D        | Killed a fire giant
    60 | D        | Killed a yaktaur
    60 | D        | Killed a big kobold
    62 | D        | Killed a boggart
    62 | D        | Killed a yak
    65 | D        | Killed a fire giant
    65 | D        | Killed a water nymph
    66 | D        | Killed a hippogriff
    69 | D        | Killed a bullfrog
    70 | D        | Killed a fire giant
    72 | D        | Killed a hog
    73 | D        | Killed a storm dragon
    75 | D        | Killed a ghost moth
    78 | D        | Killed a catoblepas
    90 | D        | Killed a five-headed hydra
    92 | D        | Killed a tyrant leech
    93 | D        | Killed an alligator snapping turtle
    94 | D        | Killed a fire crab
    95 | D        | Killed an iron dragon
    96 | D        | Killed a hornet
    97 | D        | Killed a tengu
   100 | D        | Killed a five-headed hydra
   100 | D        | Killed a cane toad
   104 | D        | Killed a wyvern
   107 | D        | Entered arena 2.
   107 | D        | Found a transporter.
   109 | D        | Reached *** piety under Jiyva
   111 | D        | Gained mutation: You evolve. [Jiyva's grace]
   116 | D        | Entered arena 3.
   116 | D        | Noticed a spriggan
   116 | D        | Noticed a spriggan
   116 | D        | Noticed a black bear
   116 | D        | Found a transporter.
   121 | D        | Killed a black bear
   121 | D        | Reached skill level 7 in Fighting
   121 | D        | Reached XP level 2. HP: 9/24 MP: 0/3
   121 | D        | Reached XP level 3. HP: 11/28 MP: 0/4
   121 | D        | Reached XP level 4. HP: 13/34 MP: 0/5
   124 | D        | Slain by a spriggan

Skill      XL: |  1 |
---------------+----+-----
Axes           | 6 |  6.2
Fighting       | 7 |  7.5
Dodging        | |  2.4
Stealth        | |  2.4
Invocations    | |  2.1

Action                   |  1- 3 |  4- 6 || total
-------------------------+-------+-------++-------
Melee: Broad axe         |     7 |     3 ||    10
Armor: Gold dragon scale |     7 |     3 ||    10
Block: Large shield      |    12 |     5 ||    17
